 Dungeon Crawl Stone Soup version 0.27.1-34-g3ba077fa99 (webtiles) character file.

Game seed: 8842161016941968371

705 Descartes the Grasshopper (level 7, -1/50 HPs)
             Began as a Formicid Warper on Jan 16, 2022.
             Was a Believer of Nemelex Xobeh.
             Slain by an ogre (23 damage)
             ... on level 5 of the Dungeon.
             The game lasted 00:10:03 (5500 turns).

Descartes the Grasshopper (Formicid Warper)         Turns: 5500, Time: 00:10:04

Health: -1/50      AC: 10    Str: 17    XL:     7   Next: 99%
Magic:  10/10      EV: 11    Int: 13    God:    Nemelex Xobeh [**....]
Gold:   1293       SH:  0    Dex: 16    Spells: 10/10 levels left

rFire    . . .     SeeInvis +   a - +0 mace
rCold    + . .     Faith    .   (no shield)
rNeg     . . .     Spirit   .   r - +4 ring mail {rC+}
rPois    .         Reflect  .   (helmet unavailable)
rElec    .         Harm     .   (no cloak)
rCorr    .         Rampage  .   (no gloves)
Will     .....                  (no boots)
Stlth    ..........             (no amulet)
HPRegen  0.16/turn              s - +6 ring of dexterity
MPRegen  0.12/turn              (no ring)

@: silenced (expiring)
A: permanent stasis, dig shafts and tunnels, antennae 3, four strong arms
a: Dig, Shaft Self, Renounce Religion


You were on level 5 of the Dungeon.
You worshipped Nemelex Xobeh.
Nemelex Xobeh was pleased with you.
You visited 1 branch of the dungeon, and saw 5 of its levels.

You collected 1293 gold pieces.

Inventory:

Hand Weapons
 a - a +0 mace (weapon)
 v - a +0 scythe of freezing
Missiles
 c - 5 boomerangs of dispersal (quivered)
 g - 93 stones
 k - 18 poisoned darts
 l - 4 atropa-tipped darts
Armour
 e - a +0 plate armour
 r - a +4 ring mail of cold resistance (worn)
Jewellery
 s - a +6 ring of dexterity (left hand)
Scrolls
 b - a scroll of brand weapon
 d - 3 scrolls of noise
 j - 2 scrolls of teleportation
 n - a scroll of amnesia
 p - 2 scrolls of blinking
 u - a scroll of enchant weapon {unknown}
 w - a scroll of magic mapping {unknown}
 y - a scroll of enchant armour {unknown}
Potions
 f - a potion of brilliance {unknown}
 m - a potion of haste {unknown}
 t - a potion of invisibility {unknown}
 x - a potion of attraction {unknown}


   Skills:
 - Level 2.1 Fighting
 + Level 4.4 Maces & Flails
 - Level 1.0 Throwing
 + Level 4.7 Armour
 - Level 1.7 Dodging
 - Level 2.1 Spellcasting
 + Level 4.7 Translocations
 + Level 3.9 Invocations


You had 10 spell levels left.
You didn't know any spells.
Your spell library contained the following spells:

 Spells                   Type           Power      Damage    Failure   Level
 Gell's Gravitas          Tloc           6%         N/A       19%         3
 Lesser Beckoning         Tloc           6%         N/A       19%         3
 Teleport Other           Tloc           13%        N/A       19%         3
 Portal Projectile        Hex/Tloc       14%        N/A       43%         3
 Manifold Assault         Tloc           13%        N/A       86%         5
 Petrify                  Tmut/Erth      1%         N/A       99%         4
 Blade Hands              Tmut           0%         N/A       100%        5
 Excruciating Wounds      Necr           0%         N/A       100%        5
 Metabolic Englaciation   Hex/Ice        0%         N/A       100%        5
 Statue Form              Tmut/Erth      0%         N/A       100%        6
 Blink                    Tloc           Unusable   N/A       N/A         2

Dungeon Overview and Level Annotations

Branches:
Dungeon (5/15)
 Temple: D:4-7

Altars:
Nemelex Xobeh

Annotations:
D:4 1 exclusion


Innate Abilities, Weirdness & Mutations

You cannot be hasted, slowed, berserked, paralysed or teleported.
You can dig through walls and to a lower floor.
You have a pair of large antennae on your head. (SInv)
Your four strong arms can wield two-handed weapons with a shield.


Message History

You sense a monster nearby.
A wraith comes into view.
As you read the scroll labelled EDAAFUUNOM, it crumbles to dust.
It is a scroll of amnesia.
You feel forgetful for a moment.
As you read the scroll labelled TONYKO EGG, it crumbles to dust.
Your body is wracked with pain!
It was a scroll of torment.
As you read the scroll of holy word, it crumbles to dust.
You speak a Word of immense power!
The wraith convulses!
As you read the scroll of holy word, it crumbles to dust.
You speak a Word of immense power!
The wraith convulses!
You destroy the wraith!
As you read the scroll labelled YDDA AMONWEHYA, it crumbles to dust.
A profound silence engulfs you.
It was a scroll of silence.
Magic scrolls do not work when you're silenced!
An iguana comes into view.
Found 25 stones.
You hit the iguana but do no damage. The iguana bites you!
You barely miss the iguana. The iguana barely misses you.
You hit the iguana.
The iguana is moderately wounded.
The iguana barely misses you.
You hit the iguana.
The iguana is heavily wounded.
The iguana closely misses you.
You hit the iguana.
The iguana is almost dead.
The iguana barely misses you. x2
You hit the iguana.
The iguana is almost dead.
The iguana closely misses you.
You barely miss the iguana.
The iguana is almost dead.
The iguana barely misses you.
You hit the iguana.
You kill the iguana!
An ogre comes into view. It is wielding a +0 giant club.
The ogre hits you with a +0 giant club!!
You die...
Your body glows slightly and disappears.

#..#####....# ##..#
#..##.......####..#
#..##..........#..#
#..##..>.<.........
#.....#.......##..##
##.##...#...# #..#
#.#........# #.)#
#.#.###..#...{ #.#.
#@.# # #... #O...#
###. ...#..... #.
###...#### #( ##.#
.# #


You could see an ogre.

Vanquished Creatures
  Sigmund (D:3)
  A wraith (D:5)
  A bullfrog (D:4)
  A hound (D:4)
  A bullfrog skeleton (D:4)
  An iguana (D:5)
  Natasha (thrice) (D:3)
  3 gnolls (D:4)
  4 adders
  An ufetubus (D:5)
  An adder skeleton (D:4)
  4 worms
  2 dart slugs
  4 orcs (D:3)
  9 bats
  7 endoplasms
  5 giant cockroaches
  6 goblins
  6 hobgoblins
  9 jackals
  4 quokkas
  8 ball pythons
  9 frilled lizards
  6 kobolds
  10 rats
107 creatures vanquished.

Vanquished Creatures (others)
  5 plants (D:3)
5 creatures vanquished.

Grand Total: 112 creatures vanquished

Notes
Turn   | Place    | Note
-------+----------+-------------------------------------------
     0 | D:1      | Descartes the Formicid Warper began the quest for the Orb.
     0 | D:1      | Reached XP level 1. HP: 16/16 MP: 3/3
    59 | D:1      | Reached XP level 2. HP: 9/22 MP: 5/5
   558 | D:1      | Reached XP level 3. HP: 11/27 MP: 6/6
  1552 | D:2      | Reached XP level 4. HP: 21/33 MP: 7/7
  2736 | D:3      | Found a faded altar of an unknown god.
  2740 | D:3      | Became a worshipper of Nemelex Xobeh the Trickster
  2740 | D:3      | Reached * piety under Nemelex Xobeh
  2745 | D:3      | Received a gift from Nemelex Xobeh
  3005 | D:3      | Reached XP level 5. HP: 36/38 MP: 8/8
  3458 | D:3      | Noticed Sigmund
  3465 | D:3      | Killed Sigmund
  3466 | D:3      | Reached XP level 6. HP: 32/44 MP: 9/9
  3728 | D:3      | Noticed Natasha
  3739 | D:3      | Killed Natasha
  4103 | D:3      | Noticed Natasha
  4129 | D:3      | Killed Natasha
  4313 | D:3      | Noticed Natasha
  4320 | D:3      | Killed Natasha
  4380 | D:4      | Reached XP level 7. HP: 48/50 MP: 10/10
  4685 | D:4      | Reached ** piety under Nemelex Xobeh
  5337 | D:5      | Entered Level 5 of the Dungeon
  5351 | D:5      | Identified a scroll of acquirement
  5351 | D:5      | Acquired 1113 gold pieces
  5467 | D:5      | Noticed a wraith
  5479 | D:5      | Killed a wraith
  5500 | D:5      | Slain by an ogre

Illustrated notes

Levels and vault maps discovered:
D:1:      nzn_arrival_settlement, layout_rooms, minmay_parallelograms
D:2:      kennysheep_big_flooded_room, layout_loops_ring
D:3:      layout_basic, ebering_ecumenical_altar_box, minmay_shallow_snake_nest,
          uniq_sigmund, uniq_natasha
D:4:      layout_rooms, dk_rats_in_the_wall
D:5:      cheibrodos_thug_alley, layout_loops_ring, chequers_ossuary_entry_cave,
          uniq_ijyb

Skill      XL: |  1  2  3  4  5  6  7 |
---------------+----------------------+-----
Translocations | 3 4 |  4.7
Armour         | 2 3 4 |  4.7
Maces & Flails | 3 4 |  4.4
Invocations    | 2 3 |  3.9
Fighting       | |  2.1
Throwing       | |  1.0
Dodging        | |  1.7
Spellcasting   | |  2.1

Action                   |  1- 3 |  4- 6 |  7- 9 || total
-------------------------+-------+-------+-------++-------
Melee: Mace              |   160 |   222 |    82 ||   464
Invok: Draw Destruction  |       |     4 |       ||     4
       Draw Escape       |       |     1 |       ||     1
 Abil: Dig               |       |       |     1 ||     1
  Use: Scroll            |       |       |    11 ||    11
Armor: Leather armour    |    14 |       |       ||    14
       Plate armour      |   177 |    39 |       ||   216
       Ring mail         |       |   118 |    46 ||   164
Dodge: Dodged            |    90 |   154 |    61 ||   305
